 Dungeon Crawl Stone Soup version 0.20-a0-2-g2b0e13a (webtiles) character file.

75121 elgenn the Severer (level 15, -8/208 HPs)
             Began as a Minotaur Berserker on Oct 28, 2016.
             Was a High Priest of Trog.
             Killed from afar by Nikola (28 damage)
             ... with a chain lightning
             ... on level 3 of the Swamp on Oct 29, 2016.
             The game lasted 01:37:35 (22974 turns).

elgenn the Severer (Minotaur Berserker)            Turns: 22974, Time: 01:37:36

Health: -8/208     AC: 23    Str: 32    XL:     15   Next: 8%
Magic:  14/14      EV: 16    Int:  4    God:    Trog [*****.]
Gold:   1754       SH:  0    Dex: 15    Spells: 0 memorised, 14 levels left

rFire  + . .     SeeInvis .     I - +11 executioner's axe "Dayz" {holy, +Fly rF+}
rCold  + . .     Gourm    .     L - +2 plate armour
rNeg   . . .     Faith    .     (shield currently unavailable)
rPois  +         Spirit   .     (helmet restricted)
rElec  .         Reflect  .     f - +0 cloak
rCorr  .         Harm     .     Q - +0 pair of gloves
MR     ++...                    A - +0 pair of boots
Stlth  ..........               (no amulet)
                                V - ring of the Scavenger {rC+ MR+ Dex+4}
                                K - ring of poison resistance

@: berserking, very quick
A: retaliatory headbutt, horns 2
a: Berserk, Trog's Hand, Brothers in Arms, Burn Spellbooks, Renounce Religion,
Evoke Flight


You were on level 3 of the Swamp.
You worshipped Trog.
Trog was extremely pleased with you.
You were near starving.

You visited 6 branches of the dungeon, and saw 24 of its levels.

You collected 1851 gold pieces.
You spent 97 gold pieces at shops.

Inventory:

Hand Weapons
 I - the +11 executioner's axe "Dayz" (weapon) {holy, +Fly rF+}
   (Trog gifted it to you on level 12 of the Dungeon)

   It has been blessed by the Shining One to cause great damage to the undead
   and demons.
   It protects you from fire.
   It lets you fly.
 R - a +9 battleaxe of flaming
Armour
 b - the +0 buckler "Jitot" {rPois rN++ Int+3, unknown}
   (You acquired it on level 1 of the Swamp)

   It affects your intelligence (+3).
   It protects you from poison.
   It greatly protects you from negative energy.
 f - a +0 cloak (worn)
 A - a +0 pair of boots (worn)
 L - a +2 plate armour (worn)
 Q - a +0 pair of gloves (worn)
Jewellery
 t - an uncursed ring of ice
 K - a ring of poison resistance (left hand)
 V - the ring of the Scavenger (right hand) {rC+ MR+ Dex+4}
   (You found it on level 1 of the Swamp)

   [ring of protection from cold]

   It affects your dexterity (+4).
   It protects you from cold.
   It affects your resistance to hostile enchantments.
 Y - an uncursed ring of fire
Wands
 S - a wand of teleportation (3/9)
Scrolls
 d - 6 scrolls of remove curse
 e - a scroll of fear {unknown}
 i - 2 scrolls of fog
 j - a scroll of enchant weapon
 m - 3 scrolls of identify
 o - 3 scrolls of blinking {unknown}
 q - 10 scrolls of recharging
 u - 6 scrolls of teleportation
 y - 5 scrolls of magic mapping
 z - a scroll of brand weapon {unknown}
 E - 2 scrolls of enchant armour
 M - 2 scrolls of holy word
 T - 2 scrolls of noise {unknown}
Potions
 a - 3 potions of cure mutation {!q}
 g - 3 potions of brilliance {unknown}
 h - 7 potions of curing
 k - 2 potions of resistance
 l - a potion of mutation {unknown}
 p - 5 potions of might
 r - a potion of berserk rage {unknown}
 s - a potion of ambrosia {unknown}
 w - 6 potions of haste
 x - 3 potions of degeneration {unknown}
 B - 5 potions of agility
 C - a potion of magic {unknown}
 F - a potion of invisibility {unknown}
 G - 3 potions of lignification {unknown}
 J - 3 potions of flight {unknown}
Miscellaneous
 N - a sack of spiders
 O - a box of beasts
Comestibles
 c - 5 bread rations
 n - 3 slices of pizza
 v - 5 meat rations
 D - 5 fruits
 H - 4 beef jerkies
 P - 6 royal jellies


   Skills:
 + Level 14.7 Fighting
 * Level 18.9 Axes
 + Level 14.3 Armour
 + Level 13.4 Dodging


You had 14 spell levels left.
You didn't know any spells.

Dungeon Overview and Level Annotations

Branches:
Dungeon (12/15)            Temple (1/1) D:5            Lair (6/6) D:11
  Swamp (3/4) Lair:2        Snake (1/4) Lair:3        Slime (1/5) Lair:6
    Orc (0/2) D:11

Altars:
Cheibriados
Dithmenos
Gozag
Nemelex Xobeh
Ru
Trog
Vehumet
Xom
Zin
Jiyva

Shops:
D:5 [   D:12 (

Annotations:
Swamp:2 1 runed door
Swamp:3 Nikola


Innate Abilities, Weirdness & Mutations

You reflexively headbutt those who attack you in melee.
You have a pair of horns on your head.


Message History

Nikola gestures wildly while chanting.
You hear a mighty clap of thunder!
The lightning arc hits you!
The lightning arc hits Nikola.
The lightning arc hits you!
The lightning arc hits Nikola.
The lightning arc hits you!
* * * LOW HITPOINT WARNING * * *
You hear a roar!
You hear a deafening roar!
You hear a roar!
You hear a shout! x2
You hear a loud, deep croak!
A red film seems to cover your vision as you go berserk!
You feel yourself moving faster!
You feel mighty!
You are near starving!
You feel a strong urge to attack something.
You slice Nikola!! Your headbutt misses Nikola.
Nikola is moderately wounded.
Nikola mumbles some strange words.
You hear a mighty clap of thunder!
The lightning arc hits you!
* * * LOW HITPOINT WARNING * * *
The lightning arc hits Nikola.
The lightning arc hits you!
You die...

... ♣♣.≈♣♣♣♣ ♣♣♣♣♣♣♣
♣≈≈♣≈≈.♣♣♣
.≈≈≈≈..♣♣≈§..≈≈..≈
≈≈..≈≈≈.(..≈≈≈§..
≈.≈≈≈≈...≈≈≈≈.? ≈...
♣♣≈≈≈≈≈..≈≈.♣♣≈ ≈.≈≈♣♣
♣.≈≈%♣♣..≈..≈♣.≈ ..≈..♣
♣.≈≈≈♣≈@@....≈.. ...≈.♣
♣.≈≈≈..≈§....... ≈≈≈≈≈♣♣
♣♣≈♣♣♣.≈≈.≈≈≈... ≈≈≈≈≈.♣
♣≈...≈≈§♣.. ≈≈≈≈≈≈♣ ♣♣♣
♣.≈..≈≈≈≈.≈
.≈≈≈≈.♣♣♣♣≈♣♣♣.≈≈.≈≈≈...
♣†...♣♣♣≈≈≈.♣≈>...≈≈≈..♣
PP.♣♣♣♣≈.≈≈..§♣...≈≈≈...
P≈≈♣♣♣≈..(§..≈♣♣♣♣.≈.♣.


You could see Nikola.

Vanquished Creatures
  A thorn hunter (Swamp:3)
  Donald (Swamp:1)
  An azure jelly (Lair:6)
  A very ugly thing (Swamp:2)
  Azrael (D:12)
  A fire dragon (D:11)
  A yaktaur captain (D:11)
  3 hydras
  A catoblepas (Lair:6)
  10 alligators
  9 death yaks
  A deep troll shaman (Lair:6)
  A spriggan druid (Swamp:2)
  2 swamp dragons
  Pikel (D:9)
  A harpy (shapeshifter) (D:11)
  A shambling mangrove (Swamp:1)
  A hill giant (D:11)
  2 ugly things
  A lindwurm (Lair:6)
  A cyclops (D:12)
  A manticore (D:11)
  15 elephants
  4 black mambas
  2 centaur skeletons
  A gargoyle (D:11)
  15 spiny frogs
  A rime drake (Lair:4)
  11 komodo dragons
  A kobold demonologist (D:12)
  An efreet (D:11)
  A polar bear (Lair:6)
  4 tyrant leeches
  2 trolls
  A two-headed ogre (D:8)
  6 hornets
  15 slime creatures
  6 blink frogs
  2 bog bodies (Swamp:1)
  7 hippogriffs
  A shadow (D:11)
  A wyvern (Lair:3)
  4 spriggans
  28 yaks
  A basilisk (Lair:6)
  A hungry ghost (D:7)
  A mottled dragon (D:11)
  12 vampire mosquitoes
  5 swamp worms
  18 insubstantial wisps
  A steam dragon (Lair:4)
  4 nagas (Lair:3)
  2 soldier ants (D:8)
  15 water moccasins
  7 hell hounds (D:12)
  6 porcupines
  2 swamp drakes (Swamp:1)
  An ice beast (D:12)
  16 orc warriors
  2 sky beasts
  4 black bears
  4 phantoms
  A necrophage (D:12)
  7 ogres
  15 wolves
  12 crocodiles
  A centaur (D:10)
  Blork the orc (D:5)
  A big kobold (D:7)
  A wyvern zombie (D:12)
  13 bullfrogs
  2 scorpions
  11 killer bees
  12 wights
  2 electric eels (Lair:6)
  4 crimson imps
  A howler monkey (D:5)
  A bullfrog zombie (D:6)
  4 hounds
  A gnoll shaman (D:9)
  10 orc priests
  3 jellies
  12 orc wizards
  4 bullfrog skeletons
  2 iguanas
  11 worker ants
  A hound zombie (D:11)
  2 hound skeletons
  4 gnolls
  12 adders
  3 river rats (D:11)
  4 shadow imps
  A worm (D:2)
  3 dart slugs
  12 leopard geckos
  52 orcs
  A ball python (D:3)
  17 bats
  3 giant cockroaches
  10 goblins
  6 hobgoblins
  8 jackals
  7 kobolds
  2 quokkas
  4 frilled lizards
  2 leopard gecko skeletons
  15 rats
  5 briar patches (Swamp:3)
  12 fungi
  13 plants
605 creatures vanquished.

Vanquished Creatures (others)
  An alligator (Swamp:3)
  A leopard gecko (D:9)
  2 briar patches (Swamp:3)
  5 fungi
  15 plants
24 creatures vanquished.

Grand Total: 629 creatures vanquished

Notes
Turn   | Place    | Note
-------+----------+-------------------------------------------
     0 | D:1      | elgenn the Minotaur Berserker began the quest for the Orb.
     0 | D:1      | Reached XP level 1. HP: 19/19 MP: 0/0
   163 | D:1      | Reached XP level 2. HP: 25/27 MP: 1/1
   461 | D:1      | Reached XP level 3. HP: 33/33 MP: 2/2
   626 | D:2      | Reached skill level 4 in Axes
   776 | D:2      | Found a bloodstained altar of Trog.
   895 | D:2      | Reached XP level 4. HP: 41/41 MP: 3/3
  1019 | D:2      | Reached ** piety under Trog
  1710 | D:3      | Reached XP level 5. HP: 47/47 MP: 4/4
  2225 | D:4      | Reached skill level 5 in Axes
  2261 | D:4      | Noticed a phantom
  2291 | D:4      | Killed a phantom
  2291 | D:4      | Reached skill level 5 in Fighting
  2291 | D:4      | Reached XP level 6. HP: 47/56 MP: 5/5
  2492 | D:4      | Reached skill level 6 in Axes
  2780 | D:4      | Reached XP level 7. HP: 61/61 MP: 6/6
  3012 | D:4      | Found a snail-covered altar of Cheibriados.
  3012 | D:4      | Found a shimmering altar of Xom.
  3035 | D:4      | Reached *** piety under Trog
  3067 | D:5      | Entered Level 5 of the Dungeon
  3074 | D:5      | Found a staircase to the Ecumenical Temple.
  3086 | Temple   | Entered the Ecumenical Temple
  3095 | D:5      | Found a sparkling altar of Nemelex Xobeh.
  3165 | D:5      | Found an opulent altar of Gozag.
  3318 | D:5      | Noticed Blork the orc
  3328 | D:5      | Killed Blork the orc
  3328 | D:5      | Reached skill level 5 in Armour
  3605 | D:5      | Found Ichops's Armour Shoppe.
  3846 | D:5      | Reached skill level 5 in Dodging
  3924 | D:5      | Reached skill level 7 in Axes
  3949 | D:6      | Reached XP level 8. HP: 52/70 MP: 7/7
  4351 | D:6      | Reached skill level 8 in Axes
  4547 | D:6      | Reached **** piety under Trog
  4806 | D:6      | Reached skill level 9 in Axes
  4916 | D:6      | Found a glowing silver altar of Zin.
  5075 | D:7      | Reached XP level 9. HP: 79/79 MP: 8/8
  5589 | D:8      | Reached skill level 10 in Axes
  6145 | D:9      | Noticed a troll
  6148 | D:9      | Killed a troll
  6265 | D:9      | Reached skill level 11 in Axes
  6485 | D:9      | Reached XP level 10. HP: 90/90 MP: 9/9
  6629 | D:9      | Noticed Pikel
  6636 | D:9      | Killed Pikel
  6806 | D:9      | Reached ***** piety under Trog
  6809 | D:9      | Received a gift from Trog
  7013 | D:10     | Entered Level 10 of the Dungeon
  7066 | D:10     | Reached skill level 12 in Axes
  7697 | D:10     | You fall through a shaft for 2 floors!
  7776 | D:12     | Found Fagacs's Weapon Shoppe.
  7787 | D:12     | Bought a +0 battleaxe for 97 gold pieces
  8147 | D:12     | Reached skill level 10 in Fighting
  8151 | D:12     | Reached XP level 11. HP: 47/99 MP: 10/10
  8731 | D:12     | Reached skill level 13 in Axes
  8975 | D:12     | Noticed Azrael
  9015 | D:12     | Killed Azrael
  9015 | D:12     | Reached skill level 10 in Armour
  9015 | D:12     | HP: 5/101 [hell hound[Azrael] (7)]
  9020 | D:12     | Received a gift from Trog
  9021 | D:12     | Got an ichor-stained executioner's axe {god gift}
  9022 | D:12     | Identified the +11 executioner's axe "Dayz" {holy, +Fly rF+} (Trog gifted it to you on level 12 of the Dungeon)
  9205 | D:12     | Noticed a purple ugly thing
  9211 | D:12     | Killed a purple ugly thing
  9396 | D:12     | Noticed a hill giant
 10192 | D:11     | Found a staircase to the Orcish Mines.
 10263 | D:11     | Received a gift from Trog
 10350 | D:11     | Reached skill level 14 in Axes
 10390 | D:11     | Noticed a harpy
 10390 | D:11     | Noticed a fire dragon
 10394 | D:11     | Killed a harpy
 10399 | D:11     | Killed a fire dragon
 10399 | D:11     | Reached XP level 12. HP: 110/110 MP: 11/11
 10450 | D:11     | Noticed a yaktaur captain
 10454 | D:11     | Killed a yaktaur captain
 10454 | D:11     | Reached skill level 10 in Dodging
 10645 | D:11     | Found a shadowy altar of Dithmenos.
 10711 | D:11     | Found a staircase to the Lair.
 10718 | Lair:1   | Entered Level 1 of the Lair of Beasts
 11931 | Lair:2   | Found a staircase to the Swamp.
 11943 | Swamp:1  | Entered Level 1 of the Swamp
 11945 | Swamp:1  | Noticed an alligator
 12043 | Lair:2   | Reached skill level 15 in Axes
 12849 | Lair:3   | Found a staircase to the Snake Pit.
 13263 | Snake:1  | Entered Level 1 of the Snake Pit
 13275 | Lair:3   | You fall through a shaft for 2 floors!
 13275 | Lair:5   | Noticed a death yak
 13275 | Lair:5   | Noticed a death yak
 13275 | Lair:5   | Noticed a death yak
 13275 | Lair:5   | Noticed a death yak
 13275 | Lair:5   | Noticed a death yak
 13282 | Lair:5   | Killed a death yak
 13284 | Lair:5   | Killed a death yak
 13284 | Lair:5   | Reached XP level 13. HP: 119/119 MP: 12/12
 13286 | Lair:5   | Reached skill level 16 in Axes
 14597 | Lair:4   | Identified a scroll of acquirement
 15791 | Lair:3   | Received a gift from Trog
 16024 | Lair:6   | Entered Level 6 of the Lair of Beasts
 16228 | Lair:6   | Found a staircase to the Slime Pits.
 16228 | Lair:6   | Found a viscous altar of Jiyva.
 16315 | Lair:6   | Reached skill level 17 in Axes
 16639 | Lair:6   | Reached XP level 14. HP: 105/130 MP: 13/13
 17856 | Lair:6   | Noticed an azure jelly
 17866 | Lair:6   | Killed an azure jelly
 18255 | Slime:1  | Entered Level 1 of the Pits of Slime
 18578 | Swamp:1  | HP: 9/132 [bog body (7)]
 19552 | Swamp:1  | Got a vibrating lapis lazuli ring
 19642 | Swamp:1  | Noticed Donald
 19650 | Swamp:1  | Killed Donald
 19679 | Swamp:1  | Reached skill level 18 in Axes
 19932 | Swamp:1  | Got a shimmering buckler
 19933 | Swamp:1  | Identified the ring of the Scavenger {rC+ MR+ Dex+4} (You found it on level 1 of the Swamp)
 20162 | Swamp:2  | Received a gift from Trog
 20683 | Swamp:2  | Noticed a white very ugly thing
 20690 | Swamp:2  | Killed a white very ugly thing
 22030 | Swamp:2  | Found a runed door.
 22030 | Swamp:2  | Noticed a tentacled monstrosity
 22372 | Swamp:3  | HP: 13/133 [alligator[an alligator] (15)]
 22659 | Swamp:3  | Reached XP level 15. HP: 106/139 MP: 14/14
 22802 | Swamp:3  | Noticed a thorn hunter
 22817 | Swamp:3  | Killed a thorn hunter
 22960 | Swamp:3  | Noticed Nikola
 22974 | Swamp:3  | HP: 20/208 [Nikola/chain lightning (36)]
 22974 | Swamp:3  | Killed from afar by Nikola

Vault maps used:
D:1:      onia_arrival_pentagram, columned_hall_lemuel
D:2:      lemuel_doored_altar
D:3:      first_bread, grunt_ministairs_8, grunt_decor_arrowhead
D:4:      gammafunk_temple_overflow_elements
D:5:      nemelex_xobeh_ov_fountains_minmay, serial_shops, shop,
          grunt_gozag_breadcrumbs, uniq_blork_the_orc
D:6:      zin_scriptorium
D:7:      serial_curves, eino_curves_01, eino_curves_01
D:8:      hangedman_pestilent_swarm
D:9:      uniq_pikel
D:10:     serial_shops, shop, nrook_mini_backslash, grunt_ministairs_13,
          hex_tiny
D:11:     minmay_shrinking_squares, grunt_lair_entry_orc_guard_hut, orc_0_dummy,
          special_room, grunt_dithmenos_shadows
D:12:     serial_shops, shop, serial_column_ruins, column_ruins_grid_1,
          column_ruins_grid_1, column_ruins_grid_1, column_ruins_open_large,
          column_ruins_corridor_dead_end, uniq_azrael
Temple:   eino_temple_rhombus
Lair:1:   st_stairs_8
Lair:2:   swamp_mist, grunt_megastairs_1
Lair:3:   guppyfry_snake_entry_garden, ldierk_geyser
Lair:4:   st_stairs_12, bobbens_dragon_lair_wall
Lair:6:   grunt_lair_end_beastmaster, slime_altar_1, serial_forest,
          infiniplex_forest_corner_1, infiniplex_forest_corner_1,
          infiniplex_forest_straight_4, infiniplex_forest_end_2,
          infiniplex_forest_clump_small, infiniplex_forest_lined_3,
          infiniplex_forest_corner_2, infiniplex_forest_straight_4,
          infiniplex_forest_end_3, lemuel_fruit_tree, serial_bayou_shore_a
Swamp:1:  evilmike_swamp_ruin_house_3, swamp_pool1, uniq_donald
Swamp:2:  cheibrodos_swamp_sealed, evilmike_swamp_ruin_rubble_2, swamp_pool3
Swamp:3:  evilmike_swamp_ruin_house_4, nicolae_swamp_round_clearing, uniq_nikola
Snake:1:  basic_altar, serial_bayou_shore_b, grunt_megastairs_5,
          minmay_shoptagon, uniq_agnes, uniq_aizul, uniq_frances, uniq_kirke
Slime:1:  cheibrodos_slime_lost_civilization_5

Skill      XL: |  1  2  3  4  5  6  7  8  9 10 11 12 13 14 |
---------------+-------------------------------------------+-----
Fighting       | 4 5 6 7 8 10 11 12 13 14 | 14.7
Dodging        | 3 4 5 6 7 8 9 11 12 13 | 13.4
Axes           | 4 5 6 7 9 11 12 14 15 17 18 | 18.9
Armour         | 3 4 5 6 8 9 10 12 13 14 | 14.3

Action                   |  1- 3 |  4- 6 |  7- 9 | 10-12 | 13-15 || total
-------------------------+-------+-------+-------+-------+-------++-------
Melee: Hand axe          |    58 |    57 |       |       |       ||   115
       Headbutt          |     7 |    17 |    45 |    98 |   103 ||   270
       War axe           |       |    52 |   108 |    91 |       ||   251
       Battleaxe         |       |       |   119 |    85 |     7 ||   211
       Executioner's axe |       |       |       |   256 |   433 ||   689
Invok: Berserk           |       |     3 |    11 |    12 |    16 ||    42
       Trog's Hand       |       |       |       |     2 |       ||     2
 Abil: Evoke Flight      |       |       |       |       |     1 ||     1
  Use: Scroll            |       |     4 |    10 |     6 |    10 ||    30
       Potion            |       |       |       |     5 |     2 ||     7
  Eat: Chunk             |       |     8 |    18 |    22 |    12 ||    60
       Bread ration      |       |       |     2 |     2 |     2 ||     6
       Fruit             |       |       |       |     4 |    15 ||    19
       Pizza             |       |       |       |       |     2 ||     2
       Royal jelly       |       |       |       |       |     3 ||     3
       Beef jerky        |       |       |       |       |     1 ||     1
Armor: Animal skin       |     4 |       |       |       |       ||     4
       Ring mail         |    22 |    43 |    47 |       |       ||   112
       Plate armour      |       |       |   100 |   253 |   317 ||   670
Dodge: Dodged            |    47 |    65 |   142 |   289 |   337 ||   880
